 Dungeon Crawl Stone Soup version 0.31-a0-702-gf82c85558f (webtiles) character file.

Game seed: 933259061479326196

61 Bnni the Shield-Bearer (level 4, 0/34 (37) HPs)
             Began as a Formicid Fighter on Sept 8, 2023.
             Was an Initiate of Yredelemnul.
             Slain by Crazy Yiuf
             ... wielding a +3 quarterstaff of chaos
              (1 damage)
             ... on level 2 of the Dungeon.
             The game lasted 00:02:04 (1723 turns).

Bnni the Shield-Bearer (Formicid Fighter)           Turns: 1723, Time: 00:02:05

HP:   0/34 (37)     AC:  6    Str: 23    XL:     4   Next: 27%
MP:   0/4           EV:  9    Int:  7    God:    Yredelemnul [......]
Gold: 41            SH:  5    Dex: 13    Spells: 3/3 levels left

rFire   . . .        a - +0 trident
rCold   . . .        c - +0 buckler
rNeg    . . .        b - +0 scale mail
rPois   +            (helmet unavailable)
rElec   .            (no cloak)
rCorr   .            (no gloves)
SInv    +            (no boots)
Will    .....        (no amulet) Stlth
                     m - ring of poison resistance
HPRegen 0.25/turn    (no ring)
MPRegen 0.09/turn

%: no passive effects
@: drained
A: permanent stasis, dig shafts and tunnels, antennae 3, four strong arms
a: Dig, Shaft Self, Renounce Religion, Recall Undead Harvest


You were on level 2 of the Dungeon.
You worshipped Yredelemnul.
Yredelemnul was noncommittal.
You visited 1 branch of the dungeon, and saw 2 of its levels.

You collected 41 gold pieces.

Inventory:

Hand Weapons
 a - a +0 trident (weapon)
Missiles
 l - 2 boomerangs
 p - 3 poisoned darts
Armour
 b - a +0 scale mail (worn)
 c - a +0 buckler (worn)
Jewellery
 m - a ring of poison resistance (left hand)
Scrolls
 e - a scroll of poison {unknown}
 f - 2 scrolls of vulnerability {unknown}
 g - 2 scrolls of fear {unknown}
 h - 2 scrolls of teleportation {unknown}
 j - 2 scrolls of fog {unknown}
 n - a scroll of revelation {unknown}
 o - a scroll of blinking {unknown}
 q - a scroll of acquirement {unknown}
Potions
 d - a potion of might
 i - 2 potions of haste {unknown}
 k - 2 potions of curing {unknown}


   Skills:
 + Level 3.7 Fighting
 * Level 3.1 Polearms
 - Level 3.2 Armour
 * Level 4.8 Shields
 + Level 1.1 Invocations


You had 3 spell levels left.
You didn't know any spells.
Your spell library contained the following spells:

 Spells                   Type           Power      Damage    Failure   Level
 Freeze                   Ice            0%         1d3       80%         1
 Frozen Ramparts          Ice            0%         1d1       99%         3
 Hailstorm                Conj/Ice       0%         3d3       99%         3


Dungeon Overview and Level Annotations

Branches:
Dungeon (2/15)

Altars:
Yredelemnul

Annotations:
D:2 Crazy Yiuf


Innate Abilities, Weirdness & Mutations

You cannot be hasted, slowed, berserked, paralysed or teleported.
You can dig through walls and to a lower floor.
You have a pair of large antennae on your head. (SInv)
Your four strong arms can wield two-handed weapons with a shield.


Message History

You swap places.
Something hits your kobold zombie!
Your kobold zombie is destroyed!
You swap places.
Your ball python zombie bites Crazy Yiuf but does no damage.
Your ball python zombie barely misses Crazy Yiuf.
You are too injured to fight recklessly!
You are too injured to fight recklessly!
You are too injured to fight recklessly!
Reach: a) +0 trident
Press: ? - help, Dir - move target, f/p - Crazy Yiuf
Aim: Crazy Yiuf, wielding a +3 quarterstaff of chaos and wearing a +0 cloak (severely wounded, ally target, about 39% to evade your +0 trident)
You could not reach far enough!
Crazy Yiuf hits your ball python zombie with a +3 quarterstaff of chaos!
Your ball python zombie is destroyed!
Reach: a) +0 trident
Press: ? - help, Dir - move target, f/p - Crazy Yiuf
Aim: Crazy Yiuf, wielding a +3 quarterstaff of chaos and wearing a +0 cloak (severely wounded, ally target, about 39% to evade your +0 trident)
You reach to attack!
You closely miss Crazy Yiuf.
Crazy Yiuf is severely wounded.
Crazy Yiuf hits your rat zombie with a +3 quarterstaff of chaos!
Your rat zombie is destroyed!
Reach: a) +0 trident
Press: ? - help, Dir - move target, f/p - Crazy Yiuf
Aim: Crazy Yiuf, wielding a +3 quarterstaff of chaos and wearing a +0 cloak (severely wounded, ally target, about 39% to evade your +0 trident)
You reach to attack!
You hit Crazy Yiuf but do no damage.
Crazy Yiuf is severely wounded.
Crazy Yiuf hits your rat zombie with a +3 quarterstaff of chaos!
Lightning courses through your rat zombie!
Your rat zombie is destroyed!
Reach: a) +0 trident
Press: ? - help, Dir - move target, f/p - Crazy Yiuf
Aim: Crazy Yiuf, wielding a +3 quarterstaff of chaos and wearing a +0 cloak (severely wounded, ally target, about 39% to evade your +0 trident)
You reach to attack!
You hit Crazy Yiuf.
Crazy Yiuf is almost dead.
Your kobold zombie barely misses Crazy Yiuf.
Crazy Yiuf hits you with a +3 quarterstaff of chaos!
* * * LOW HITPOINT WARNING * * *
You feel drained.
You die...
Your body rises from the dead as a mindless zombie.

# ####### #####
...ZZ.#######...##
#####.ZZ.ZZZZ....##
# #.########....# #
#.# #....# # #.#
♣...P♣ # #.# ♣♣.@Z♣
# ##.# ♣♣g♣♣ # #..#
♣♣)♣ # #.## ♣.♣♣
#.# ♣♣.♣ #.# ♣.♣♣
#.# #'# ##.#####
).. #.Z.#.. #...#


You could see Crazy Yiuf (ally target) and a friendly kobold zombie.

Vanquished Creatures
  Robin (D:2)
  A worm (D:2)
  2 ball pythons (D:2)
  2 bats
  5 endoplasms
  A giant cockroach (D:1)
  9 goblins
  4 hobgoblins
  2 jackals (D:2)
  2 quokkas
  A frilled lizard (D:2)
  2 kobolds
  4 rats (D:2)
36 creatures vanquished.

Vanquished Creatures (collateral kills)
  2 goblins (D:2)
  A hobgoblin (D:2)
  A kobold (D:2)
  A quokka (D:2)
5 creatures vanquished.

Vanquished Creatures (others)
  A bat zombie (D:2)
  A ball python zombie (D:2)
  A frilled lizard zombie (D:2)
  3 goblin zombies (D:2)
  A hobgoblin zombie (D:2)
  A kobold zombie (D:2)
  A quokka zombie (D:2)
  2 rat zombies (D:2)
11 creatures vanquished.

Grand Total: 52 creatures vanquished

Notes
Turn   | Place    | Note
-------+----------+-------------------------------------------
     0 | D:1      | Bnni the Formicid Fighter began the quest for the Orb.
     0 | D:1      | Reached XP level 1. HP: 18/18 MP: 1/1
   193 | D:1      | Reached XP level 2. HP: 24/24 MP: 2/2
   257 | D:1      | Found a faded altar of an unknown god.
   266 | D:1      | Prayed at the altar of an unknown god.
   266 | D:1      | Became a worshipper of Yredelemnul the Dark
   266 | D:1      | Reached * piety under Yredelemnul
   773 | D:2      | Noticed Robin
   785 | D:2      | Reached XP level 3. HP: 18/29 MP: 3/3
   803 | D:2      | Killed Robin
  1352 | D:2      | Reached skill level 1 in Invocations
  1352 | D:2      | Reached XP level 4. HP: 35/37 MP: 4/4
  1706 | D:2      | Found a runed translucent door.
  1707 | D:2      | Noticed Crazy Yiuf
  1723 | D:2      | HP: 1/35 [Crazy Yiuf/+3 quarterstaff of chaos (10)]
  1723 | D:2      | Slain by Crazy Yiuf

Illustrated notes

Levels and vault maps discovered:
D:1:      minmay_arrival_three_doors, layout_loops_ring,
          chequers_ecumenical_altar_simple
D:2:      layout_loops_cross, serial_co_window_serial, co_window_paths_a,
          co_window_paths_b, co_window_of_opportunity_a,
          co_window_of_opportunity_a, co_window_of_opportunity_a,
          co_window_paths_a, co_window_corner_a, co_window_cross_1,
          co_window_of_opportunity_a, co_window_broadway_c,
          co_window_unsneaky_path_d, co_window_2corner, co_window_2corner,
          co_window_paths_c, co_window_2corner, co_window_4corner_b,
          uniq_crazy_yiuf_cottage, uniq_robin

Skill      XL: |  1  2  3 |
---------------+----------+-----
Polearms       | 3 |  3.1
Invocations    | 1 |  1.1
Fighting       | |  3.7
Armour         | |  3.2
Shields        | |  4.8

Action                     |  1- 3 |  4- 6 || total
---------------------------+-------+-------++-------
  Melee: Trident           |   104 |    31 ||   135
Ability: Dig               |       |     1 ||     1
   Stab: Distracted        |     1 |       ||     1
 Armour: Scale mail        |    39 |    15 ||    54
  Dodge: Dodged            |    35 |     7 ||    42
  Block: Buckler           |    15 |     5 ||    20

Table legend: (Time is in decaauts)
 A = Elapsed time spent in this place.
 B = Non-inter-level travel time spent in this place.
 C = Inter-level travel time spent in this place.
 D = Time resting spent in this place.
 E = Time spent auto-exploring this place.
 F = Levels seen in this place.
 G = Mean time per level.
                   A        B        C        D        E       F      G
               +--------+--------+--------+--------+--------+-----+--------+
         Total |   1749 |   1735 |     14 |      0 |   1433 |   2 |  874.5 |
       Dungeon |   1749 |   1735 |     14 |      0 |   1433 |   2 |  874.5 |
               +--------+--------+--------+--------+--------+-----+--------+

Top non-repeatable levels by time:
     D:2: 1000 daAuts
     D:1: 748 daAuts
